 Dungeon Crawl Stone Soup version 0.27-a0-67-g4bfc8a49e1 (webtiles) character file.

Game seed: 9327388179469242179

136 Borgoz the Skirmisher (level 5, -7/45 HPs)
             Began as a Ghoul Abyssal Knight on Jan 9, 2021.
             Was a Believer of Lugonu.
             Killed from afar by Ijyb (14 damage)
             ... with a bolt of acid
             ... on level 4 of the Dungeon.
             The game lasted 00:03:34 (3127 turns).

Borgoz the Skirmisher (Ghoul Abyssal Knight)        Turns: 3127, Time: 00:03:35

Health: -7/45      AC:  6    Str: 16    XL:     5   Next: 19%
Magic:  5/5        EV: 11    Int:  7    God:    Lugonu [**....]
Gold:   118        SH:  0    Dex:  9    Spells: 4/4 levels left

rFire    . . .     SeeInvis .     - Unarmed
rCold    + . .     Faith    .   (no shield)
rNeg     + + +     Spirit   .   f - +1 ring mail
rPois    ∞         Reflect  .   (no helmet)
rElec    .         Harm     .   (no cloak)
rCorr    .         Rampage  .   (no gloves)
Will     .....                  (no boots)
Stlth    ..........             (no amulet)
HPRegen  0.00/turn              (no ring)
MPRegen  0.09/turn              (no ring)

@: no status effects
A: claws 1, cold resistance 1, negative energy resistance 3, inhibited
regeneration, torment resistance, unbreathing
a: Renounce Religion, Depart the Abyss, Bend Space


You were on level 4 of the Dungeon.
You worshipped Lugonu.
Lugonu was pleased with you.
You visited 1 branch of the dungeon, and saw 5 of its levels.
You visited the Abyss 1 time.

You collected 118 gold pieces.

Inventory:

Missiles
 i - a throwing net
Armour
 f - a +1 ring mail (worn)
Scrolls
 a - a scroll of identify
 g - 3 scrolls of remove curse
 k - a scroll of magic mapping {unknown}
Potions
 b - 2 potions of lignification {unknown}
 c - a potion of curing
 d - 2 potions of might
 e - a potion of ambrosia
 h - a potion of haste


   Skills:
 - Level 3.3 Fighting
 * Level 3.2 Armour
 * Level 2.7 Dodging
 + Level 3.2 Unarmed Combat
 - Level 2.0 Invocations


You had 4 spell levels left.
You didn't know any spells.
Your spell library contained the following spells:

 Spells                   Type           Power        Failure   Level
 Summon Small Mammal      Summ           0%           65%         1
 Call Imp                 Summ           0%           78%         2
 Call Canine Familiar     Summ           0%           95%         3
 Summon Guardian Golem    Hex/Summ       0%           95%         3
 Summon Ice Beast         Ice/Summ       0%           100%        4
 Summon Lightning Spire   Summ/Air       0%           100%        4


Dungeon Overview and Level Annotations

Branches:
Dungeon (5/15)
 Temple: D:4-7

Altars:
Hepliaklqana
Kikubaaqudgha
Qazlal
Vehumet
Wu Jian
Xom
Yredelemnul
The Shining One

Annotations:
D:4 Ijyb


Innate Abilities, Weirdness & Mutations

You thrive by killing the living.
You are immune to poison.
You have sharp fingernails.
Your flesh is cold resistant. (rC+)
You are immune to negative energy. (rN+++)
You do not regenerate when monsters are visible.
You are immune to unholy pain and torment.
You can survive without breathing.


Message History

Ijyb is moderately wounded.
Ijyb hits you with a +0 dagger.
You see here 14 gold pieces.
Found 10 gold pieces.
There is a stone staircase leading down here.
You climb downwards.
A leopard gecko, 3 orcs and 2 orc wizards come into view.
The orc wizard shouts!
The orc shouts! x2; The leopard gecko hisses angrily.
You hear a shout!
Found 17 stones, a red potion and a scroll of identify.
There is a stone staircase leading up here.
Okay, then.
The orc wizard points at you and mumbles some strange words.
The magic dart hits you!
* * * LOW HITPOINT WARNING * * *
You climb upwards.
Level annotation: Ijyb You are no longer corroded.
Ijyb zaps a wand.
The bolt of acid hits you!
You die...

#. #. #. #. #.# ##!## #
##.#. . #...# #.##.#.#
#. ##...####.##.# .###.
###...@O.(.....###...#
....../g...#..... )..
.......?.$.# #.# #.#
##.........####.####.###
##......!.w............
#.#...####.......#.###
$......# #.#####.#.#
.....### #..# #...# #
.... .w..# #......


You could see an ogre, Ijyb and a dart slug.

Vanquished Creatures
  4 adders
  2 oozes (D:2)
  2 worms (D:2)
  2 dart slugs (D:1)
  3 leopard geckos
  5 orcs (D:3)
  8 bats
  4 giant cockroaches
  5 goblins
  10 hobgoblins
  5 jackals (D:3)
  2 ball pythons (D:2)
  5 frilled lizards
  7 kobolds
  5 rats
69 creatures vanquished.

Notes
Turn   | Place    | Note
-------+----------+-------------------------------------------
     0 | Abyss:1  | Borgoz the Ghoul Abyssal Knight began the quest for the
                  | Orb.
     0 | Abyss:1  | Reached XP level 1. HP: 19/19 MP: 1/1
     7 | Abyss:1  | Found a sparkling altar of Nemelex Xobeh.
    76 | Abyss:2  | Noticed a spatial maelstrom
    79 | Abyss:2  | Noticed a spatial vortex
    80 | D:1      | Escaped the Abyss
   151 | D:1      | Reached skill level 1 in Dodging
   309 | D:1      | Reached XP level 2. HP: 26/26 MP: 2/2
   337 | D:1      | Reached * piety under Lugonu
   514 | D:1      | Reached XP level 3. HP: 31/31 MP: 3/3
  1123 | D:2      | Found a glowing golden altar of the Shining One.
  1125 | D:2      | Noticed an angel
  1278 | D:2      | Reached XP level 4. HP: 30/38 MP: 4/4
  1545 | D:2      | Found a stormy altar of Qazlal.
  1568 | D:2      | Found an ancient bone altar of Kikubaaqudgha.
  1568 | D:2      | Found a radiant altar of Vehumet.
  1568 | D:2      | Found a hazy altar of Hepliaklqana.
  1572 | D:2      | Found an ornate altar of the Wu Jian Council.
  1578 | D:2      | Found a shimmering altar of Xom.
  1621 | D:2      | Reached ** piety under Lugonu
  1745 | D:2      | Found a basalt altar of Yredelemnul.
  2348 | D:3      | Reached XP level 5. HP: 43/45 MP: 5/5
  3107 | D:4      | Noticed Ijyb
  3111 | D:4      | Noticed an ogre
  3113 | D:4      | HP: 2/45 [acid (9)]
  3125 | D:5      | Entered Level 5 of the Dungeon
  3127 | D:4      | Killed from afar by Ijyb

Illustrated notes

Levels and vault maps discovered:
D:1:      nicolae_arrival_somewhat_less_tricky_arrival, layout_loops_ring
D:2:      layout_basic, grunt_temple_overflow_holy_war,
          grunt_temple_overflow_open, grunt_ministairs_14,
          nicolae_qazlal_eye_of_the_storm
D:3:      layout_loops_ring
D:4:      layout_loops_ring, old_standard_altar, ebering_ghost_reflecting_pool,
          nicolae_dithmenos_the_darkroom, uniq_ijyb, uniq_sigmund
D:5:      layout_rooms, temple_fountains, serial_shops, shop_fountains

Skill      XL: |  1  2  3  4 |
---------------+-------------+-----
Dodging        | 1 2 |  2.7
Armour         | 2 3 |  3.2
Unarmed Combat | 3 |  3.2
Fighting       | |  3.3
Invocations    | |  2.0

Action                   |  1- 3 |  4- 6 || total
-------------------------+-------+-------++-------
Melee: Unarmed           |   112 |   158 ||   270
       Punch             |       |     2 ||     2
Invok: Depart the Abyss  |     1 |       ||     1
  Use: Scroll            |     1 |     6 ||     7
       Potion            |       |     1 ||     1
Armor: Leather armour    |    19 |       ||    19
       Ring mail         |    13 |    47 ||    60
Dodge: Dodged            |    64 |    74 ||   138

Table legend: (Time is in decaauts)
 A = Elapsed time spent in this place.
 B = Non-inter-level travel time spent in this place.
 C = Inter-level travel time spent in this place.
 D = Time resting spent in this place.
 E = Time spent auto-exploring this place.
 F = Levels seen in this place.
 G = Mean time per level.
                   A        B        C        D        E       F      G
               +--------+--------+--------+--------+--------+-----+--------+
         Total |   3112 |   3040 |     72 |    399 |   2082 |   7 |  444.6 |
       Dungeon |   3032 |   2960 |     72 |    399 |   2050 |   5 |  606.4 |
         Abyss |     79 |     79 |      0 |      0 |     32 |   2 |   39.5 |
               +--------+--------+--------+--------+--------+-----+--------+

Top non-repeatable levels by time:
     D:3: 1094 daAuts
     D:2: 1004 daAuts
     D:1: 877 daAuts
 Abyss:1: 68 daAuts
     D:4: 54 daAuts
 Abyss:2: 11 daAuts
     D:5: 1 daAuts
